 Dungeon Crawl Stone Soup version 0.27-a0-1090-gb115f176c6 (webtiles) character file.

Game seed: 6398951131804980814

14 Azzok the Skirmisher (level 2, 0/26 HPs)
             Began as a Ghoul Fighter on Apr 28, 2021.
             Slain by a quokka (2 damage)
             ... on level 1 of the Dungeon.
             The game lasted 00:00:37 (304 turns).

Azzok the Skirmisher (Ghoul Fighter)                 Turns: 304, Time: 00:00:38

Health: 0/26       AC:  6    Str: 19    XL:     2   Next: 45%
Magic:  1/1        EV:  7    Int:  3    God:
Gold:   27         SH:  8    Dex:  8    Spells: 1/1 levels left

rFire    . . .     SeeInvis .   a - +0 war axe
rCold    + . .     Faith    .   c - +0 kite shield
rNeg     + + +     Spirit   .   b - +0 scale mail
rPois    ∞         Reflect  .   (no helmet)
rElec    .         Harm     .   (no cloak)
rCorr    .         Rampage  .   (no gloves)
Will     .....                  (no boots)
Stlth    ..........             (no amulet)
HPRegen  0.00/turn              (no ring)
MPRegen  0.07/turn              (no ring)

@: no status effects
A: claws 1, cold resistance 1, negative energy resistance 3, inhibited
regeneration, torment resistance 2, unbreathing 1
a: no special abilities


You were on level 1 of the Dungeon.
You visited 1 branch of the dungeon, and saw 1 of its levels.

You collected 27 gold pieces.

Inventory:

Hand Weapons
 a - a +0 war axe (weapon)
Armour
 b - a +0 scale mail (worn)
 c - a +0 kite shield (worn)
Scrolls
 e - a scroll of identify {unknown}
Potions
 d - a potion of might


   Skills:
 - Level 3.2 Fighting
 + Level 2.1 Axes
 + Level 3.0 Armour
 + Level 2.9 Shields


You had one spell level left.
You didn't know any spells.
Your spell library contained the following spells:

 Spells                   Type           Power      Damage    Failure   Level
 Animate Skeleton         Necr           0%         N/A       100%        1
 Pain                     Necr           0%         1d4       100%        1
 Vampiric Draining        Necr           0%         2d6       100%        3
 Animate Dead             Necr           0%         N/A       100%        4
 Agony                    Necr           0%         N/A       100%        5


Dungeon Overview and Level Annotations

Branches:
Dungeon (1/15)

Altars:


Innate Abilities, Weirdness & Mutations

You thrive by killing the living.
You are immune to poison.
You have sharp fingernails.
Your flesh is cold resistant. (rC+)
You are immune to negative energy. (rN+++)
You do not regenerate when monsters are visible.
You are immune to unholy pain and torment.
You can survive without breathing.


Message History

The hobgoblin hits you but does no damage.
The rat bites you.
The quokka bites you but does no damage.
You hit the hobgoblin.
The hobgoblin is heavily wounded.
You closely miss the rat. You miss the quokka.
A bat comes into view.
The hobgoblin hits you but does no damage.
The rat bites you. The quokka bites you.
* * * LOW HITPOINT WARNING * * *
The kobold hits you with a +0 short sword.
* * * LOW HITPOINT WARNING * * *
The hobgoblin hits you but does no damage.
The bat moves out of view.
The rat bites you.
* * * LOW HITPOINT WARNING * * *
The hobgoblin hits you but does no damage.
The quokka barely misses you. The rat bites you.
* * * LOW HITPOINT WARNING * * *
You block the quokka's attack.
Things that are here:
a hobgoblin corpse; a quokka corpse; a quokka corpse You barely miss the rat.
The rat closely misses you. The rat bites you but does no damage.
You closely miss the rat. The rat bites you but does no damage.
You closely miss the rat. The rat bites you but does no damage.
You block the rat's attack.
You slash the rat!
You kill the rat!
The kobold hits you but does no damage.
You closely miss the kobold. You block the kobold's attack.
You hit the kobold.
You kill the kobold!
You feel better. The quokka bites you.
* * * LOW HITPOINT WARNING * * *
Your Armour skill increases to level 3!
You completely miss the quokka. The quokka barely misses you.
The quokka bites you.
You die...

▒·▒········▒▒·····▒ ▒······▒▒·
▒·▒········▒▒▒▒▒▒▒▒ ▒·······▒·
▒·▒········▒ ▒·······▒
▒·▒········▒ ▒·······▒
▒·▒········▒ ▒···)···▒
▒·▒········▒ ▒·······
▒·▒····▒▒▒▒ ▒▒▒▒······
▒·········▒▒▒▒▒▒▒▒▒▒·····▒▒▒▒▒·
▒·▒▒▒▒▒▒▒······@rg·············
▒·▒·····▒···▒▒▒▒▒··············
▒▒·▒▒···▒▒···▒ ▒··············
▒··▒(·=·(▒···▒ ▒·····▒▒▒······
▒··▒▒▒·▒▒▒···▒ ▒▒▒▒▒▒▒ ······
▒····†·······▒ ······
▒·▒·▒†······)▒ ·····
▒············▒ ·····
▒▒▒▒▒▒▒▒▒▒▒▒▒▒


You could see a quokka and a hobgoblin.

Vanquished Creatures
  3 ball pythons (D:1)
  An endoplasm (D:1)
  A giant cockroach (D:1)
  2 hobgoblins (D:1)
  2 quokkas (D:1)
  A frilled lizard (D:1)
  A kobold (D:1)
  3 rats (D:1)
14 creatures vanquished.

Vanquished Creatures (others)
  4 toadstools (D:1)
4 creatures vanquished.

Grand Total: 18 creatures vanquished

Notes
Turn   | Place    | Note
-------+----------+-------------------------------------------
     0 | D:1      | Azzok the Ghoul Fighter began the quest for the Orb.
     0 | D:1      | Reached XP level 1. HP: 19/19 MP: 0/0
   221 | D:1      | Reached XP level 2. HP: 24/26 MP: 1/1
   291 | D:1      | HP: 1/26 [rat (1)]
   304 | D:1      | Slain by a quokka

Illustrated notes

Levels and vault maps discovered:
D:1:      ldierk_walled_garden_2, layout_basic, minmay_split_cup_large

Skill      XL: |  1  2 |
---------------+-------+-----
Axes           | 2 |  2.1
Armour         | 3 |  3.0
Fighting       | |  3.2
Shields        | |  2.9

Action                   || total
-------------------------++-------
Melee: War axe           ||    49
Armor: Scale mail        ||    32
Dodge: Dodged            ||    20
Block: Kite shield       ||    25

Table legend: (Time is in decaauts)
 A = Elapsed time spent in this place.
 B = Non-inter-level travel time spent in this place.
 C = Inter-level travel time spent in this place.
 D = Time resting spent in this place.
 E = Time spent auto-exploring this place.
 F = Levels seen in this place.
 G = Mean time per level.
                   A        B        C        D        E       F      G
               +--------+--------+--------+--------+--------+-----+--------+
         Total |    333 |    333 |      0 |      0 |    201 |   1 |  333.0 |
       Dungeon |    333 |    333 |      0 |      0 |    201 |   1 |  333.0 |
               +--------+--------+--------+--------+--------+-----+--------+

Top non-repeatable levels by time:
     D:1: 333 daAuts
